 Dungeon Crawl Stone Soup version 0.18-a0-912-g81d1dc4 (webtiles) character file.

2643 root the Nimble (level 9, -2/68 HPs)
             Began as a Demonspawn Gladiator on Dec 25, 2015.
             Was a Follower of Okawaru.
             Killed by divine providence
             ... invoked by an orc priest
              (11 damage)
             ... on level 8 of the Dungeon.
             The game lasted 00:36:47 (7817 turns).

root the Nimble (Demonspawn Gladiator)              Turns: 7817, Time: 00:36:47

Health: -2/68      AC: 11    Str: 17    XL:     9   Next: 35%
Magic:  7/9        EV: 27    Int: 10    God:    Okawaru [*.....]
Gold:   289        SH:  0    Dex: 15    Spells: 0 memorised, 8 levels left

rFire  . . .     SeeInvis .     a - +1 long sword
rCold  . . .     Gourm    +     b - +0 leather armour
rNeg   . . .     Faith    .     (no shield)
rPois  .         Spirit   .     c - +0 helmet
rElec  .         Dismiss  .     I - +0 cloak
rCorr  .         Reflect  .     (no gloves)
SustAt .         Harm     .     i - +1 pair of boots
MR     .....                    y - amulet of the gourmand
Stlth  +++.......               p - +4 ring of evasion
                                k - +2 ring of protection

@: heroism, not resistant to hostile enchantments, fairly stealthy
A: repulsion field 2, demonic guardian 2
a: Heroism, Renounce Religion


You were on level 8 of the Dungeon.
You worshipped Okawaru.
Okawaru was aware of your devotion.
You were very full.

You visited 2 branches of the dungeon, and saw 9 of its levels.
You also visited: Sewer.

You collected 355 gold pieces.
You spent 66 gold pieces at shops.

Inventory:

Hand Weapons
 a - a +1 long sword (weapon)
Missiles
 d - 4 throwing nets
 e - 4 tomahawks of returning (quivered)
Armour
 b - a +0 leather armour (worn)
 c - a +0 helmet (worn)
 i - a +1 pair of boots (worn)
 I - a +0 cloak (worn)
Rods
 S - a +0 rod of clouds (10/10)
   (You found it on level 7 of the Dungeon)
Jewellery
 k - a +2 ring of protection (left hand)
 m - an uncursed ring of ice
 p - a +4 ring of evasion (right hand)
 q - a +2 ring of protection
 u - an uncursed ring of wizardry
 v - an uncursed ring of wizardry
 y - an amulet of the gourmand (around neck)
 K - an uncursed ring of flight
Wands
 B - a wand of random effects (48/48)
 C - a wand of draining (10/15)
 L - a wand of frost (8/48)
 P - a wand of disintegration (9/24)
Scrolls
 g - 4 scrolls of enchant weapon
 n - 2 scrolls of enchant armour
 o - a scroll of amnesia {unknown}
 r - a scroll of fear
 s - a scroll of recharging
 x - 2 scrolls of silence {unknown}
 F - 3 scrolls of teleportation
 G - 2 scrolls of fog {unknown}
 H - 2 scrolls of identify
 M - 2 scrolls of remove curse
 R - a scroll of random uselessness {unknown}
Potions
 h - 4 potions of flight
 j - a potion of degeneration
 l - a potion of haste
 t - 4 potions of curing
 z - a potion of magic
 A - 6 potions of lignification
 D - a potion of berserk rage {unknown}
 E - a potion of agility {unknown}
 J - 2 potions of poison
 Q - a potion of resistance
Comestibles
 f - 4 bread rations
 w - 2 slices of pizza
 N - a royal jelly
 O - a beef jerky


   Skills:
 + Level 5.4(10.4) Fighting
 + Level 6.8(11.8) Long Blades
 + Level 1.9(6.9) Throwing
 + Level 4.0(9.0) Armour
 + Level 8.0(13.0) Dodging
 + Level 0.6 Invocations


You had 8 spell levels left.
You didn't know any spells.

Dungeon Overview and Level Annotations

Branches:
Dungeon (8/15)             Temple (1/1) D:5
   Lair: D:8-11

Altars:
Ashenzari
Cheibriados
Dithmenos
Elyvilon
Fedhas
Gozag
Kikubaaqudgha
Makhleb
Nemelex Xobeh
Okawaru
Pakellas
Qazlal
Sif Muna
Trog
Vehumet
Xom
Yredelemnul
Zin
The Shining One

Shops:
D:5 *


Innate Abilities, Weirdness & Mutations

You are surrounded by a moderate repulsion field (EV +3).
A demonic guardian rushes to your aid.


Message History

The orc priest is moderately wounded.
The orc priest misses you.
You closely miss the orc priest.
The orc priest is moderately wounded.
The orc priest completely misses you.
The orc priest calls upon Beogh to heal the orc priest.
The orc priest's wounds heal themselves!
You barely miss the orc priest.
The orc priest hits you with a hand axe.
* * * LOW HITPOINT WARNING * * *
You gain the combat prowess of a mighty hero.
You feel slightly less full.
The orc priest calls down the wrath of Beogh upon you.
You struggle to resist.
You barely miss the orc priest. The orc priest misses you.
You hit the orc priest but do no damage.
The orc priest completely misses you.
The orc priest mumbles some strange prayers to Beogh against you.
Something smites you!
You die...

## ..# #$# #.#
#.# ..#
###########.###.#
#...oo@)........#
#.########..#####
#.....#
.....#..##
######.<# ####


You could see 2 orc priests.

Vanquished Creatures
  Sigmund (D:3)
  A sky beast (D:6)
  Menkaure (D:7)
  2 ice beasts (D:7)
  A water moccasin (D:6)
  Blork the orc (D:5)
  A giant frog (D:6)
  A scorpion (D:7)
  5 wights
  A crimson imp (D:6)
  2 orc priests (D:7)
  8 orc wizards
  Crazy Yiuf (D:3)
  3 hounds
  A jelly (D:6)
  A centaur skeleton (D:6)
  Terence (D:2)
  2 worker ants
  5 adders
  A gnoll (D:6)
  Natasha (D:3)
  A river rat (Sewer)
  3 shadow imps
  3 adder zombies (D:6)
  An ooze (D:1)
  2 giant geckos
  21 orcs
  4 bats (D:2)
  4 giant cockroaches
  7 hobgoblins
  11 jackals
  2 quokkas
  2 ball pythons
  5 giant newts
  8 goblins
  5 kobolds
  9 rats
  2 fungi (D:3)
131 creatures vanquished.

Vanquished Creatures (collateral kills)
  Pikel (D:5)
  Joseph (D:7)
  The ghost of root the Cudgeler, an amateur OgBe of Trog (D:4)
  Grinder (D:4)
  An ogre (D:4)
  A big kobold (Sewer)
  2 wights (D:7)
  Natasha (D:3)
  An orc wizard (D:6)
  A hound skeleton (D:4)
  3 adders
  A shadow imp (D:7)
  2 kobolds (Sewer)
17 creatures vanquished.

Vanquished Creatures (others)
  A phantom (D:5)
  2 slaves
  A hound (D:5)
  4 gnolls (D:5)
  A kobold (D:1)
9 creatures vanquished.

Grand Total: 157 creatures vanquished

Notes
Turn   | Place    | Note
--------------------------------------------------------------
     0 | D:1      | root the Demonspawn Gladiator began the quest for the Orb.
     0 | D:1      | Reached XP level 1. HP: 16/16 MP: 1/1
   136 | D:1      | Found a sparkling altar of Nemelex Xobeh.
   210 | D:1      | Gained mutation: You are surrounded by a mild repulsion field (EV +2). [demonic ancestry]
   210 | D:1      | Reached XP level 2. HP: 15/22 MP: 2/2
   684 | D:2      | Reached skill level 3 in Long Blades
   802 | D:2      | Gained mutation: A weak demonic guardian rushes to your aid. [demonic ancestry]
   802 | D:2      | Reached XP level 3. HP: 25/27 MP: 3/3
   807 | D:2      | Noticed Terence
   827 | D:2      | Killed Terence
   827 | D:2      | Reached skill level 1 in Armour
  1162 | D:2      | Reached XP level 4. HP: 29/33 MP: 4/4
  1436 | D:2      | Found a deep blue altar of Sif Muna.
  1784 | D:3      | Found a sparkling altar of Nemelex Xobeh.
  1956 | D:3      | Noticed Natasha
  1962 | D:3      | Killed Natasha
  2293 | D:3      | Noticed Sigmund
  2306 | D:3      | Killed Sigmund
  2306 | D:3      | Reached skill level 4 in Dodging
  2306 | D:3      | Gained mutation: A demonic guardian rushes to your aid. [demonic ancestry]
  2306 | D:3      | Reached XP level 5. HP: 38/40 MP: 5/5
  2405 | D:3      | Reached XP level 6. HP: 41/46 MP: 6/6
  2623 | D:3      | Noticed Natasha
  2631 | D:3      | Killed Natasha
  2734 | D:3      | Noticed Crazy Yiuf
  2741 | D:3      | Killed Crazy Yiuf
  2818 | D:4      | Found an oddly glowing altar of Pakellas.
  2890 | D:4      | Noticed Grinder
  2897 | D:4      | Paralysed by Grinder for 2 turns
  2902 | D:4      | Paralysed by Grinder for 4 turns
  2907 | D:4      | Killed Grinder
  2907 | D:4      | Reached skill level 5 in Dodging
  3024 | D:4      | Noticed root's ghost (amateur OgBe)
  3036 | D:4      | Killed root's ghost
  3036 | D:4      | Reached XP level 7. HP: 40/52 MP: 7/7
  3037 | D:4      | Found a glowing drain.
  3077 | Sewer    | Entered a sewer
  3175 | Sewer    | Found a white marble altar of Elyvilon.
  3409 | D:5      | Entered Level 5 of the Dungeon
  3409 | D:5      | Noticed Blork the orc
  3419 | D:5      | Killed Blork the orc
  3451 | D:5      | Found Tupumool's Assorted Antiques.
  3464 | D:5      | Bought a bubbling golden potion for 21 gold pieces
  3464 | D:5      | Bought a scroll labeled PYSOMO ENUA for 24 gold pieces
  3464 | D:5      | Bought a sedimented silvery potion for 21 gold pieces
  3491 | D:5      | Noticed Pikel
  3496 | D:5      | Killed Pikel
  3496 | D:5      | Reached skill level 5 in Long Blades
  3496 | D:5      | Reached skill level 6 in Dodging
  3496 | D:5      | Gained mutation: You are surrounded by a moderate repulsion field (EV +3). [demonic ancestry]
  3496 | D:5      | Reached XP level 8. HP: 58/60 MP: 8/8
  3604 | D:5      | Found a staircase to the Ecumenical Temple.
  3613 | Temple   | Entered the Ecumenical Temple
  3667 | Temple   | Became a worshipper of Warmaster Okawaru
  3724 | D:5      | Found a shadowy altar of Dithmenos.
  4899 | D:6      | Reached * piety under Okawaru
  4899 | D:6      | Reached skill level 7 in Dodging
  5293 | D:6      | Found an opulent altar of Gozag.
  6113 | D:7      | Noticed Joseph
  6138 | D:7      | Killed Joseph
  6169 | D:7      | Reached XP level 9. HP: 12/67 MP: 9/9
  6501 | D:7      | Reached skill level 5 in Fighting
  6870 | D:7      | Reached ** piety under Okawaru
  6940 | D:7      | Noticed Menkaure
  6942 | D:7      | Found a shattered altar of Ashenzari.
  6942 | D:7      | Found an ancient bone altar of Kikubaaqudgha.
  6953 | D:7      | Killed Menkaure
  7194 | D:7      | Found a blossoming altar of Fedhas.
  7260 | D:7      | Reached skill level 8 in Dodging
  7318 | D:7      | Identified a +0 rod of clouds (10/10) (You found it on level 7 of the Dungeon)
  7817 | D:8      | Killed from afar by an orc priest

Vault maps used:
D:1:      dpeg_arrival_pond, nemelex_altar_shiori
D:2:      led_sif_pool, uniq_terence
D:3:      nemelex_spade_bored_becter, uniq_crazy_yiuf_cottage, uniq_natasha,
          uniq_sigmund
D:4:      lemuel_coloured_pillars_altar, portal_sewer_entry_d, first_bread,
          solitary_fountain, uniq_grinder
D:5:      grunt_dithmenos_smoke_and_mirrors, lemuel_temple_firewalk_marked,
          serial_shops, nicolae_shop_window_shopping, uniq_pikel,
          uniq_blork_the_orc
D:6:      kennysheep_little_box, st_stairs_13, hangedman_decor_push
D:7:      grunt_temple_overflow_open, uniq_menkaure, uniq_joseph
D:8:      nicolae_ru_sacrificial_ziggurat
Temple:   triangle_lava_temple_12
Sewer:    sewer_kobolds

Action                   |  1- 3 |  4- 6 |  7- 9 || total
-------------------------+-------+-------+-------++-------
Melee: Long sword        |   131 |   140 |   397 ||   668
Invok: Heroism           |       |       |     3 ||     3
  Use: Scroll            |       |       |    16 ||    16
 Stab: Sleeping          |       |     2 |     1 ||     3
       Distracted        |       |       |     1 ||     1
  Eat: Chunk             |     1 |     6 |    31 ||    38
